 Dungeon Crawl Stone Soup version 0.32-a0-975-g85d4e5bfdb (webtiles) character file.

Game seed: 9112494139968010138

48 Maxmaps the Changeling (level 3, 0/35 HPs)
             Began as an Oni Shapeshifter on Apr 18, 2024.
             Slain by an orc
             ... wielding a +0 falchion
              (5 damage)
             ... on level 3 of the Dungeon.
             The game lasted 00:01:22 (1356 turns).

Maxmaps the Changeling (Oni Shapeshifter)           Turns: 1356, Time: 00:01:22

Health: 0/35       AC:  3    Str: 18    XL:     3   Next: 72%
Magic:  3/3        EV:  8    Int: 13    God:
Gold:   119        SH:  0    Dex:  8    Spells: 2/2 levels left

rFire   . . .        k - +0 whip
rCold   . . .        (no shield)
rNeg    . . .        a - +0 animal skin
rPois   .            (helmet currently unavailable)
rElec   .            (cloak currently unavailable)
rCorr   .            (gloves unavailable)
SInv    .            (boots unavailable)
Will    .....        (no amulet)
Stlth   +            (no ring)
HPRegen 0.25/turn    (no ring)
MPRegen 0.08/turn

%: no passive effects
@: beast-form
A: beast (slay +1), large, unfitting armour, horns 1, tough skin 1, double
potion healing, drunken brawling
a: Begin Untransformation


You were on level 3 of the Dungeon.
You were a hulking beast.
You visited 1 branch of the dungeon, and saw 3 of its levels.

You collected 119 gold pieces.

Inventory:

Hand Weapons
 k - a +0 whip (weapon)
Armour
 a - a +0 animal skin (worn)
Talismans
 c - a beast talisman (active)
 d - a flux talisman
Potions
 b - a potion of lignification
 f - 2 potions of attraction
 g - 2 potions of mutation
 j - a potion of haste


   Skills:
 - Level 2.0 Fighting
 + Level 3.0 Maces & Flails
 - Level 1.7 Dodging
 - Level 2.6 Unarmed Combat
 - Level 3.0 Shapeshifting


You had 2 spell levels left.
You didn't know any spells.
Your spell library contained the following spells:

 Spells                   Type           Power      Damage    Failure   Level
 Jinxbite                 Hex            0%         N/A       43%         2
 Mercury Vapours          Alch/Air       0%         N/A       43%         2
 Mephitic Cloud           Conj/Alch/Air  0%         N/A       67%         3
 Freezing Cloud           Conj/Ice/Air   0%         6-21      100%        5
 Yara's Violent Unravell  Hex/Alch       0%         3d3       100%        5
 Enfeeble                 Hex            0%         N/A       100%        7


Dungeon Overview and Level Annotations

Branches:
Dungeon (3/15)

Altars:


Innate Abilities, Weirdness & Mutations

You are a hulking beast.
Your limbs bulge with bestial killing power. (Slay +1)
You are too large for most types of armour.
You have a pair of small horns on your head.
You have tough skin. (AC +1)
You gain doubled healing and magic from potions.
Whenever you drink a healing potion, you attack all around you.


Message History

The orc is heavily wounded.
Your adder dissolves into shadows!
The orc hits you with a +0 whip.
You hit the orc but do no damage. Your headbutt misses the orc.
The orc is heavily wounded.
The orc hits you with a +0 whip.
You hit the orc.
The orc is severely wounded.
The orc closely misses you.
You hit the orc but do no damage.
The orc is severely wounded.
You barely miss the orc. You headbutt the orc.
You kill the orc!
You barely miss the orc. Your headbutt misses the orc.
The orc hits you with a +0 falchion.
You are too injured to fight recklessly!
You are too injured to fight recklessly!
You are too injured to fight recklessly!
You are too injured to fight recklessly!
You are too injured to fight recklessly!
You are too injured to fight recklessly!
You are too injured to fight recklessly!
You are too injured to fight recklessly!
An orc is nearby!
An orc is nearby!
You are too injured to fight recklessly!
You are too injured to fight recklessly!
You hit the orc.
The orc is moderately wounded.
Your frilled lizard dissolves into shadows!
The orc hits you with a +0 falchion!
* * * LOW HITPOINT WARNING * * *
You barely miss the orc.
The orc is moderately wounded.
The orc hits you with a +0 falchion.
* * * LOW HITPOINT WARNING * * *
You closely miss the orc.
The orc is moderately wounded.
The orc hits you with a +0 falchion.
You die...

.... #.#
l#.. #S#
#S#
#######.#
#...SS..#
#.#######
#.# #.#
#h# #o#
#.# #..
###


You could see an orc.

Vanquished Creatures
  An adder (D:2)
  A ribbon worm (D:2)
  2 dart slugs
  2 orcs (D:3)
  2 endoplasms (D:1)
  2 giant cockroaches (D:2)
  3 goblins
  3 hobgoblins (D:1)
  2 kobolds
  A quokka (D:1)
  2 ball pythons (D:3)
  4 bats
  A frilled lizard (D:1)
  3 rats (D:1)
29 creatures vanquished.

Notes
Turn   | Place    | Note
-------+----------+-------------------------------------------
     0 | D:1      | Maxmaps the Oni Shapeshifter began the quest for the Orb.
     0 | D:1      | Reached XP level 1. HP: 19/19 MP: 1/1
   163 | D:1      | Reached skill level 1 in Maces & Flails
   182 | D:1      | Reached XP level 2. HP: 22/28 MP: 2/2
   506 | D:1      | Found a faded altar of an unknown god.
   780 | D:2      | Reached XP level 3. HP: 24/35 MP: 3/3
  1356 | D:3      | Slain by an orc

Illustrated notes

Levels and vault maps discovered:
D:1:      saegor_arrival_simple_c, layout_loops_ring,
          shapermc_ecumenical_altar_starsandcircs
D:2:      layout_rooms, chequers_serial_rivers_marsh,
          nicolae_elevator_lobby_plus
D:3:      layout_loops_ring, portal_sewer_entry_e, kennysheep_decorative_pillar,
          nicolae_shop_vocational

Skill      XL: |  1  2  3 |
---------------+----------+-----
Fighting       | 2 |  2.0
Maces & Flails | 1 2 3 |  3.0
Dodging        | |  1.7
Unarmed Combat | |  2.6
Shapeshifting  | |  3.0

Action                     || total
---------------------------++-------
  Melee: Club              ||    50
         Headbutt          ||    14
         Unarmed           ||     3
         Whip              ||    53
    Use: Scroll            ||     7
   Stab: Sleeping          ||     1
 Armour: Animal skin       ||    82
  Dodge: Dodged            ||    37

Table legend: (Time is in decaauts)
 A = Elapsed time spent in this place.
 B = Non-inter-level travel time spent in this place.
 C = Inter-level travel time spent in this place.
 D = Time resting spent in this place.
 E = Time spent auto-exploring this place.
 F = Levels seen in this place.
 G = Mean time per level.
                   A        B        C        D        E       F      G
               +--------+--------+--------+--------+--------+-----+--------+
         Total |   1364 |   1342 |     22 |      0 |   1088 |   3 |  454.7 |
       Dungeon |   1364 |   1342 |     22 |      0 |   1088 |   3 |  454.7 |
               +--------+--------+--------+--------+--------+-----+--------+

Top non-repeatable levels by time:
     D:1: 721 daAuts
     D:2: 571 daAuts
     D:3: 71 daAuts
